 Dungeon Crawl Stone Soup version 0.30-a0-1124-g6e8f0f562f (webtiles) character file.

Game seed: 6857187247740136459

130 Sobieck the Sneak (level 5, -3/32 HPs)
             Began as a Kobold Brigand on Apr 23, 2023.
             Slain by Crazy Yiuf
             ... wielding a +2 quarterstaff of chaos
              (7 damage)
             ... on level 2 of the Dungeon.
             The game lasted 00:04:05 (2026 turns).

Sobieck the Sneak (Kobold Brigand)                  Turns: 2026, Time: 00:04:06

Health: -3/32      AC:  7    Str:  8    XL:     5   Next: 36%
Magic:  5/5        EV: 15    Int: 13    God:
Gold:   197        SH:  0    Dex: 18    Spells: 4/4 levels left

rFire   . . .        b - +0 rapier {short}
rCold   . . .        (no shield)
rNeg    . . .        o - +0 robe
rPois   .            l - +0 helmet
rElec   .            c - +0 cloak
rCorr   .            m - +2 pair of gloves
SInv    .            (no boots)
Will    .....        (no amulet)
Stlth   ++++         (no ring)
HPRegen 0.25/turn    (no ring)
MPRegen 0.09/turn

%: no passive effects
@: lethally poisoned (-3 -> -7)
A: small, no large weapons, nightstalker 3
a: no special abilities


You were on level 2 of the Dungeon.
You visited 1 branch of the dungeon, and saw 3 of its levels.

You collected 197 gold pieces.


Innate Abilities, Weirdness & Mutations

You are small and have problems with some larger weapons.
You are completely attuned to the shadows.


   Skills:
 + Level 3.3 Fighting
 + Level 4.1 Short Blades
 - Level 2.1 Throwing
 + Level 3.0 Dodging
 + Level 6.3 Stealth


You had 4 spell levels left.
You didn't know any spells.
Your spell library was empty.

Inventory:

Hand Weapons
 a - a +2 dagger {short}
 b - a +0 rapier (weapon) {short}
   (You found it on level 1 of the Dungeon)
Missiles
 d - 17 poisoned darts (quivered) {throwing}
 e - 3 curare-tipped darts {=fthrowing}
 g - 17 stones {throwing}
Armour
 c - a +0 cloak (worn)
 i - a +0 ring mail
   (You took it off a hobgoblin on level 1 of the Dungeon)
 l - a +0 helmet (worn)
   (You found it on level 1 of the Dungeon)
 m - a +2 pair of gloves (worn)
   (You found it on level 1 of the Dungeon)
 o - a +0 robe (worn)
 t - a +0 ring mail
   (You found it on level 1 of the Dungeon)
 v - a +0 robe
   (You took it off an orc wizard on level 2 of the Dungeon)
 w - a +0 leather armour
   (You took it off an orc on level 2 of the Dungeon)
 x - a +0 ring mail
   (You took it off an orc on level 2 of the Dungeon)
 y - a +0 robe
   (You found it on level 2 of the Dungeon)
 A - a +0 leather armour
   (You took it off an orc on level 3 of the Dungeon)
 B - a +0 scale mail
   (You took it off an orc on level 3 of the Dungeon)
 C - a +0 leather armour
   (You took it off an orc on level 3 of the Dungeon)
Scrolls
 f - a scroll of fog {unknown}
 j - 2 scrolls of identify {unknown}
 k - a scroll of amnesia {unknown}
 q - 4 scrolls of teleportation {unknown}
 r - a scroll of vulnerability {unknown}
 z - a scroll of fear {unknown}
Potions
 h - a potion of mutation {unknown}
 n - 2 potions of flight {unknown}
 p - 2 potions of haste {unknown}
 s - a potion of magic {unknown}
 u - a potion of ambrosia {unknown}

Dungeon Overview and Level Annotations

Branches:
Dungeon (3/15) Zot: 15993

Altars:

Annotations:
D:2 Crazy Yiuf

....## #..#..########.########.#
....####.###........#.# ### #.##
..†.......#.....###.#.###.## #..)
...######....#..###.#.##...###.##
...# ####.#..##....#.....##.#
...# #.#.....#.........#.# ####
#.#####...##.....##.## #
#.######.####g........ #
#######....@gg.# #.>..####.
#.†.....######## #....####.
#.#####.# ####......... #.# #.#
#..>...)..... ######.#####.#
#.........##.
..........##.########.....>...##.
#######.......†........#...#####.
## #...#######.######..g# #. .#
##.## #.# #...# #.


You could see Crazy Yiuf and a gnoll.


Message History

You closely miss the orc. The orc barely misses you.
You hit the orc. The orc barely misses you.
You closely miss the orc. The orc hits you but does no damage.
You closely miss the orc. The orc barely misses you.
You hit the orc.
You kill the orc!
Unknown command. 2 orcs come into view.
Things that are here:
a +0 dagger {short}; a +0 leather armour; an orc corpse Danger!
The orc shouts! x2
Found an escape hatch in the ceiling.
The orc hits you but does no damage.
You hit the orc. You hit the orc. You hit the orc but do no damage.
The orc closely misses you.
You barely miss the orc. The orc misses you.
You barely miss the orc. The orc barely misses you.
You hit the orc but do no damage. The orc misses you.
You completely miss the orc. The orc misses you.
You hit the orc but do no damage. The orc misses you.
You hit the orc.
You kill the orc!
You barely miss the orc. The orc hits you but does no damage.
You hit the orc but do no damage. The orc barely misses you.
You closely miss the orc. The orc completely misses you.
You hit the orc but do no damage. The orc completely misses you.
You hit the orc. The orc barely misses you.
You hit the orc. The orc hits you with a +0 club.
You puncture the orc!
You kill the orc!
Your Dodging skill increases to level 3!
A - a +0 leather armour;
B - a +0 scale mail
Things that are here:
a +0 club {mace}; a +0 flail {mace}; an orc corpse Unknown command.
Unknown command.
a - a +2 dagger (weapon)
{short}
Things that are here:
a +0 club {mace}; a +0 flail {mace}; an orc corpse
C - a +0 leather armour
Things that are here:
a +0 dagger {short}; an orc corpse
Things that are here:
a +0 flail {mace}; a gnoll corpse You now have 197 gold pieces (gained 8).
Danger!
The gnoll shouts!
You hear a shout!
A gnoll comes into view. It is wielding a +0 spear of venom.
The gnoll hits you but does no damage.
You closely miss the gnoll.
The gnoll shouts!
The gnoll closely misses you. The gnoll misses you.
Unknown command.
The gnoll closely misses you.
Things that are here:
a +0 flail {mace}; a gnoll corpse
There is a stone staircase leading up here.
The gnoll completely misses you.
There is a stone staircase leading up here.
Unknown command.
The gnoll hits you but does no damage.
You climb upwards.
Level annotation: Crazy Yiuf
There is a stone staircase leading down here.
Unknown command.
Unknown command.
b - a +0 rapier (weapon)
{short} You hit the gnoll.
The gnoll misses you.
You hit the gnoll but do no damage. The gnoll barely misses you.
Crazy Yiuf laughs, "Two illywillydillykilly mobile!"
You closely miss the gnoll. The gnoll hits you with a +0 spear.
Unknown command.
The gnoll misses you. The gnoll barely misses you.
Crazy Yiuf laughs, "Snurf!
Ten stair foot."
Crazy Yiuf cries, "You leg down broken song, no?"
Crazy Yiuf attacks as you move away! Crazy Yiuf misses you.
Crazy Yiuf attacks as you move away! Crazy Yiuf closely misses you.
Crazy Yiuf attacks as you move away!
Crazy Yiuf hits you with a +2 quarterstaff of chaos!
You are poisoned.
You feel very sick.
Crazy Yiuf grits, "Goldfish song illywillydillykilly!"
You hit Crazy Yiuf.
You feel sick. Crazy Yiuf misses you.
Unknown command.
You hit Crazy Yiuf.
You feel sick.
Crazy Yiuf hits you with a +2 quarterstaff of chaos.
* * * LOW HITPOINT WARNING * * *
Crazy Yiuf burns you.
* * * LOW HITPOINT WARNING * * *
Unknown command.
You hit Crazy Yiuf.
You feel sick. The gnoll closely misses you. Crazy Yiuf barely misses you.
Unknown command.
You hit Crazy Yiuf.
You feel sick.
The gnoll hits you from afar with a +0 spear.
* * * LOW HITPOINT WARNING * * *
Crazy Yiuf hits you with a +2 quarterstaff of chaos!
You die...

Skill      XL: |  1  2  3  4  5 |
---------------+----------------+-----
Short Blades   | 3 4 |  4.1
Dodging        | 2 3 |  3.0
Fighting       | 3 |  3.3
Stealth        | 6 |  6.3
Throwing       | |  2.1

Action                     |  1- 3 |  4- 6 || total
---------------------------+-------+-------++-------
  Melee: Dagger            |    75 |    17 ||    92
         Punch             |     1 |       ||     1
         Rapier            |    35 |    80 ||   115
   Stab: Sleeping          |    11 |    10 ||    21
 Armour: Robe              |    17 |    18 ||    35
  Dodge: Dodged            |    71 |    72 ||   143

Levels and vault maps discovered:
D:1:      scummos_arrival_forest, layout_loops_cross, basic_ecumenical_altar,
          minmay_nonomino_d4
D:2:      layout_loops_ring, uniq_crazy_yiuf_cottage
D:3:      layout_loops_cross

Notes
Turn   | Place    | Note
-------+----------+-------------------------------------------
     0 | D:1      | Sobieck the Kobold Brigand began the quest for the Orb.
     0 | D:1      | Reached XP level 1. HP: 12/12 MP: 1/1
   153 | D:1      | Reached XP level 2. HP: 16/18 MP: 2/2
   178 | D:1      | Reached skill level 3 in Short Blades
   254 | D:1      | Reached XP level 3. HP: 12/22 MP: 3/3
   624 | D:1      | Reached skill level 2 in Dodging
   642 | D:1      | Found a faded altar of an unknown god.
  1092 | D:2      | Reached XP level 4. HP: 27/27 MP: 4/4
  1097 | D:2      | Reached skill level 3 in Fighting
  1097 | D:2      | Reached skill level 6 in Stealth
  1262 | D:2      | Found a runed translucent door.
  1265 | D:2      | Noticed Crazy Yiuf
  1801 | D:3      | Reached XP level 5. HP: 21/32 MP: 5/5
  1872 | D:3      | Reached skill level 4 in Short Blades
  1939 | D:3      | Reached skill level 3 in Dodging
  2025 | D:2      | HP: 8/32 [poisoned by Crazy Yiuf]
  2026 | D:2      | Slain by Crazy Yiuf

Vanquished Creatures
  An orc wizard (D:2)
  2 adders (D:3)
  A gnoll (D:3)
  3 dart slugs
  7 orcs
  2 ball pythons (D:2)
  An endoplasm (D:2)
  3 giant cockroaches
  4 goblins
  6 hobgoblins
  11 jackals
  2 kobolds
  4 quokkas
  4 bats
  5 frilled lizards
  2 rats (D:2)
58 creatures vanquished.

Table legend:
 A = Non-vault XP
 B = Vault XP
 C = Vault XP percentage of total XP
 D = Non-vault monster count
 E = Vault monster count
 F = Vault count percentage of total count
                 A         B        C        D         E       F
            +---------+---------+-------+---------+---------+-------
      Total |     175 |      11 |   5.9 |      52 |       6 |  10.3
            +---------+---------+-------+---------+---------+-------
        D:1 |      28 |      11 |  28.2 |      14 |       6 |  30.0
        D:2 |      86 |       0 |   0.0 |      27 |       0 |   0.0
        D:3 |      61 |       0 |   0.0 |      11 |       0 |   0.0
            +---------+---------+-------+---------+---------+-------

Illustrated notes

Table legend:
 A = Kills in this place as a percentage of kills in the entire game.
 B = Kills by you in this place as a percentage of kills by you in the entire game.
 C = Kills by friends in this place as a percentage of kills by friends in the entire game.
 D = Other kills in this place as a percentage of other kills in the entire game.
 E = Experience gained in this place as a percentage of experience gained in the entire game.
 F = Experience gained in this place divided by the number of levels of this place that you have seen.
                   A       B       C       D       E      F
               +-------+-------+-------+-------+-------+----------------------
         Total | 100.0 | 100.0 |   N/A |   N/A | 100.0 |  62.0
       Dungeon | 100.0 | 100.0 |   N/A |   N/A | 100.0 |  62.0
               +-------+-------+-------+-------+-------+----------------------

Table legend: (Time is in decaauts)
 A = Elapsed time spent in this place.
 B = Non-inter-level travel time spent in this place.
 C = Inter-level travel time spent in this place.
 D = Time resting spent in this place.
 E = Time spent auto-exploring this place.
 F = Levels seen in this place.
 G = Mean time per level.
                   A        B        C        D        E       F      G
               +--------+--------+--------+--------+--------+-----+--------+
         Total |   2005 |   1987 |     18 |     43 |   1433 |   3 |  668.3 |
       Dungeon |   2005 |   1987 |     18 |     43 |   1433 |   3 |  668.3 |
               +--------+--------+--------+--------+--------+-----+--------+

Top non-repeatable levels by time:
     D:2: 875 daAuts
     D:1: 817 daAuts
     D:3: 313 daAuts
